 Dungeon Crawl Stone Soup version 0.22-a0-283-g1871b15 (webtiles) character file.

4251 4thArraOfDagon the Carver (level 10, 0/73 HPs)
             Began as a Formicid Warper on Mar 18, 2018.
             Was an Elder of Fedhas.
             Slain by a vampire
             ... wielding a +0 falchion of slicing
              (9 damage)
             ... on level 7 of the Dungeon.
             The game lasted 00:18:55 (4643 turns).

4thArraOfDagon the Carver (Formicid Warper)         Turns: 4643, Time: 00:18:56

Health: 0/73       AC: 13    Str: 19    XL:     10   Next: 56%
Magic:  23/23      EV: 10    Int: 15    God:    Fedhas [****..]
Gold:   408        SH:  4    Dex: 10    Spells: 13/13 levels left

rFire    . . .     SeeInvis +   j - +4 long sword
rCold    . . .     Gourm    .   a - +0 buckler
rNeg     . . .     Faith    .   l - +1 chain mail
rPois    .         Spirit   .   (helmet unavailable)
rElec    .         Reflect  .   p - +2 cloak
rCorr    .         Harm     .   (no gloves)
MR       +....                  (no boots)
Stlth    ..........             (no amulet)
HPRegen  0.22/turn              g - ring of magical power
MPRegen  0.18/turn              k - +2 ring of evasion

@: no status effects
A: permanent stasis, dig shafts and tunnels, four strong arms, antennae 3,
talons 1, rugged brown scales 1, strong 1
a: Dig, Shaft Self, Fungal Bloom, Evolution, Sunlight, Growth, Reproduction,
Renounce Religion


You were on level 7 of the Dungeon.
You worshipped Fedhas.
Fedhas was greatly pleased with you.
You were not hungry.

You visited 2 branches of the dungeon, and saw 8 of its levels.
You also visited: Sewer.

You collected 408 gold pieces.

Inventory:

Hand Weapons
 j - a +4 long sword (weapon)
 s - a +2 dagger of venom
Missiles
 e - 5 tomahawks of dispersal (quivered)
 r - 2 throwing nets
Armour
 a - a +0 buckler (worn)
 l - a +1 chain mail (worn)
 p - a +2 cloak (worn)
Jewellery
 g - a ring of magical power (left hand)
 k - a +2 ring of evasion (right hand)
Scrolls
 i - 3 scrolls of remove curse
 m - a scroll of enchant armour
 o - 2 scrolls of magic mapping {unknown}
Potions
 b - a potion of resistance {unknown}
 c - a potion of magic {unknown}
 d - a potion of curing
 n - a potion of cancellation {unknown}
 q - a potion of berserk rage
 t - 2 potions of invisibility {unknown}
Comestibles
 f - 6 rations


   Skills:
 + Level 4.0 Fighting
 * Level 12.6 Long Blades
 - Level 1.0 Throwing
 - Level 1.1 Armour
 + Level 3.3 Dodging
 - Level 3.0 Shields
 - Level 2.1 Spellcasting
   Level 2.6 Translocations
 - Level 5.3 Invocations


You had 13 spell levels left.
You didn't know any spells.

Dungeon Overview and Level Annotations

Branches:
Dungeon (7/15)             Temple (1/1) D:4

Altars:
Ashenzari
Cheibriados
Dithmenos
Elyvilon
Fedhas
Gozag
Makhleb
Nemelex Xobeh
Okawaru
Ru
Sif Muna
Trog
Uskayaw
Vehumet
Wu Jian
Xom
Yredelemnul
Zin
The Shining One


Innate Abilities, Weirdness & Mutations

You cannot be hasted, slowed, berserked, paralysed or teleported.
You can dig through walls and to a lower floor.
Your four strong arms can wield two-handed weapons with a shield.
You have a pair of large antennae on your head. (SInv)
You have sharp toenails.
You are partially covered in rugged brown scales. (AC +1, +3% HP)
Your muscles are strong. (Str +2)


Message History

The vampire casts a spell at you.
You are confused.
Unknown command.
Unknown command.
What are your orders? t - Shout!
Orders for allies: a - Attack new target. p - Attack previous target. r - Retreat! s - Stop attacking. g - Guard the area. f - Follow me.
Anything else - Cancel.
Gang up on whom?
Press: ? - help, Dir - move target cursor, f/p - vampire
Aim: a vampire, wielding a falchion of slicing and wearing a large glass ring (heavily damaged) Attack!
It was a potion of curing.
You feel better.
The vampire hits you with a falchion of slicing!
* * * LOW HITPOINT WARNING * * *
x2 The vampire bites you!
You die...
Fedhas appreciates your contribution to the ecosystem.

.....##. ..........## #
#....####..###....#
#......##..###....#
##..#.......##..)..# #..
#..##.........##
##..###.#####......## ##
...# #.## ##....#..###.
#.###..# #............
#....@.###.......#..#
#....V.........####.##
##.......(.......###..#
##......#....#.....###.#
#.......#..####(........
{ #......#.#.##
#..##..... #....)P#.#..#
##.####..#
#.....##.##.## #..####.#
#.....#...#..###......##


You could see a vampire and a friendly oklob plant.

Vanquished Creatures
  2 two-headed ogres (D:7)
  Grinder (D:4)
  Sigmund (D:3)
  Eustachio (D:6)
  A wraith (D:7)
  A sky beast (D:6)
  A necrophage (D:5)
  2 ogres (D:5)
  3 big kobolds (Sewer)
  4 bullfrogs (D:6)
  A wyvern skeleton (D:7)
  A scorpion (D:2)
  A killer bee (D:6)
  4 wights (D:6)
  3 howler monkeys
  2 crimson imps
  2 hounds (D:6)
  A quasit (D:7)
  2 jellies
  A gnoll shaman (D:5)
  An orc priest (D:5)
  3 bullfrog skeletons
  A centaur skeleton (D:6)
  2 iguanas
  Ijyb (D:3)
  5 worker ants
  9 orc wizards
  A worker ant zombie (D:7)
  A howler monkey zombie (D:5)
  7 gnolls (D:5)
  A river rat (Sewer)
  10 adders
  4 shadow imps
  6 oozes
  An adder skeleton (D:6)
  8 worms
  3 dart slugs
  2 leopard geckos
  21 orcs
  8 ball pythons
  9 bats
  6 giant cockroaches
  4 goblins
  10 hobgoblins
  5 jackals (D:3)
  9 kobolds
  2 quokkas
  A ball python skeleton (D:4)
  3 frilled lizards
  7 rats
186 creatures vanquished.

Vanquished Creatures (collateral kills)
  An ugly thing (D:7)
1 creature vanquished.

Vanquished Creatures (others)
  A quokka (D:5)
  114 toadstools
115 creatures vanquished.

Grand Total: 302 creatures vanquished

Notes
Turn   | Place    | Note
-------+----------+-------------------------------------------
     0 | D:1      | 4thArraOfDagon the Formicid Warper began the quest for the Orb.
     0 | D:1      | Reached XP level 1. HP: 16/16 MP: 3/3
    79 | D:1      | Reached XP level 2. HP: 17/22 MP: 5/5
   225 | D:1      | Reached skill level 3 in Long Blades
   228 | D:1      | You fall through a shaft!
   243 | D:2      | Found an opulent altar of Gozag.
   265 | D:2      | Found a radiant altar of Vehumet.
   300 | D:2      | Reached XP level 3. HP: 23/27 MP: 6/6
   323 | D:2      | Noticed a scorpion
   347 | D:3      | Found a deep blue altar of Sif Muna.
   354 | D:3      | You fall through a shaft!
   410 | D:4      | Found an iron altar of Okawaru.
   464 | D:4      | Found a staircase to the Ecumenical Temple.
   479 | Temple   | Entered the Ecumenical Temple
   550 | Temple   | Became a worshipper of Fedhas Madash
   610 | D:4      | Noticed Grinder
   689 | D:4      | Killed Grinder
   689 | D:4      | Reached skill level 6 in Long Blades
   689 | D:4      | Reached XP level 4. HP: 33/33 MP: 7/7
   689 | D:4      | Reached XP level 5. HP: 38/38 MP: 8/8
   689 | D:4      | Reached XP level 6. HP: 44/44 MP: 9/9
   950 | D:3      | Noticed Sigmund
  1114 | D:2      | Reached * piety under Fedhas
  1728 | D:2      | Reached XP level 7. HP: 46/50 MP: 10/10
  1790 | D:3      | Reached skill level 7 in Long Blades
  1810 | D:3      | Found a shadowy altar of Dithmenos.
  1874 | D:3      | Noticed Ijyb
  1886 | D:3      | Killed Ijyb
  1886 | D:3      | Reached skill level 1 in Invocations
  1965 | D:3      | Killed Sigmund
  2066 | D:3      | Reached ** piety under Fedhas
  2641 | D:4      | Found a basalt altar of Yredelemnul.
  2697 | D:4      | Found a snail-covered altar of Cheibriados.
  2702 | D:4      | Sergey: wow, fedhas for speedrun
  2723 | D:4      | Found a sacrificial altar of Ru.
  2742 | D:4      | Reached skill level 1 in Shields
  2766 | D:4      | Reached XP level 8. HP: 51/56 MP: 11/11
  2864 | D:4      | Found a bloodstained altar of Trog.
  2894 | D:5      | Entered Level 5 of the Dungeon
  2899 | D:5      | Gained mutation: You have sharp toenails. [potion of mutation]
  2899 | D:5      | Gained mutation: Your muscles are strong. (Str +2) [potion of mutation]
  2899 | D:5      | Gained mutation: You are partially covered in rugged brown scales. (AC +1, +3% HP) [potion of mutation]
  2924 | D:5      | Reached skill level 8 in Long Blades
  2925 | D:5      | 4thArraOfDagon: yea, i'm probably doomed to failure
  2925 | D:5      | 4thArraOfDagon: but lets enjoy :)
  2974 | D:5      | Found a white marble altar of Elyvilon.
  3205 | D:5      | Reached *** piety under Fedhas
  3259 | D:5      | Reached skill level 9 in Long Blades
  3355 | D:5      | Reached XP level 9. HP: 29/61 MP: 12/12
  3364 | D:5      | Found a glowing drain.
  3373 | Sewer    | Entered a sewer
  3420 | Sewer    | Reached skill level 5 in Invocations
  3561 | Sewer    | Reached **** piety under Fedhas
  3774 | D:5      | Reached skill level 10 in Long Blades
  4085 | D:6      | Noticed Eustachio
  4102 | D:6      | Killed Eustachio
  4102 | D:6      | Reached skill level 11 in Long Blades
  4282 | D:6      | Reached XP level 10. HP: 56/68 MP: 14/14
  4385 | D:7      | Reached skill level 12 in Long Blades
  4519 | D:7      | Noticed a two-headed ogre
  4519 | D:7      | Noticed a red ugly thing
  4519 | D:7      | Noticed a two-headed ogre
  4540 | D:7      | Killed a two-headed ogre
  4544 | D:7      | Killed a two-headed ogre
  4596 | D:7      | Sergey: !hs * fedhas
  4597 | D:7      | Killed a red ugly thing
  4598 | D:7      | beem: 26605. 4thArraOfDagon the Force of Nature (L27 MiEn of Fedhas), escaped with the Orb and 15 runes on 2017-07-29 13:02:21, with 29419538 points after 50481 turns and 5:44:06.
  4643 | D:7      | Slain by a vampire

Vault maps used:
D:1:      lightli_arrival_statuegarden, minmay_pentomino_r4
D:2:      lemuel_crystal_altar, vehumet_crystals
D:3:      lemuel_crystal_altar, old_standard_altar, serial_co_window_serial,
          co_window_corner_a, co_window_corner_a, co_window_paths_a,
          co_window_cross_1, co_window_paths_b, co_window_paths_a,
          co_window_paths_a, co_window_corner_ca, co_window_corner_ca,
          co_window_cross_2, co_window_broadway_c, co_window_4corner_a,
          co_window_4corner_b, glass_columns_a, glass_columns_a,
          glass_columns_a, glass_columns_c, uniq_ijyb, uniq_sigmund
D:4:      yredelemnul_altar_generic, lemuel_doored_altar,
          kennysheep_slug_shrine, kennysheep_mini, bloody_trog,
          minmay_temple_entry_poolview, first_ration, uniq_grinder
D:5:      elyvilon_altar_4, cheibrodos_sewer_entry_bend
D:6:      hangedman_cross_stitches, kennysheep_generic_room_8, uniq_eustachio
D:7:      minmay_the_grid_four_pointed_star, lemuel_zombie_altar_kikubaaqudgha
Temple:   compressed_dpeg_triangle_lava_temple
Sewer:    sewer_co_tree

Skill      XL: |  1  2  3  4  5  6  7  8  9 10 |
---------------+-------------------------------+-----
Long Blades    | 3 6 7 9 11 12 | 12.6
Invocations    | 2 4 5 |  5.3
Shields        | 1 3 |  3.0
Dodging        | 3 |  3.3
Fighting       | 4 |  4.0
Throwing       | |  1.0
Armour         | |  1.1
Spellcasting   | |  2.1
Translocations | |  2.6

Action                   |  1- 3 |  4- 6 |  7- 9 | 10-12 || total
-------------------------+-------+-------+-------+-------++-------
Melee: Falchion          |   145 |   141 |     6 |       ||   292
       Long sword        |       |       |   419 |    37 ||   456
       Kick              |       |       |    81 |    15 ||    96
Invok: Fungal Bloom      |     3 |    11 |    30 |     3 ||    47
       Growth            |       |       |       |     1 ||     1
       Evolution         |       |       |       |     1 ||     1
 Abil: Shaft Self        |     2 |       |       |       ||     2
       Dig               |     2 |     7 |    24 |       ||    33
  Use: Potion            |     5 |       |     1 |     2 ||     8
       Scroll            |     2 |       |     9 |       ||    11
 Stab: Distracted        |       |       |       |     2 ||     2
  Eat: Chunk             |       |     1 |    13 |     2 ||    16
       Ration            |       |     1 |       |       ||     1
Armor: Leather armour    |    20 |       |       |       ||    20
       Chain mail        |    42 |    73 |   172 |     8 ||   295
       Skin              |    31 |       |       |       ||    31
Dodge: Dodged            |    67 |    38 |   110 |    11 ||   226
Block: Buckler           |       |       |    31 |     4 ||    35
       Rpst.: Falchion   |    14 |    14 |       |       ||    28
       Long sword        |       |       |    38 |     4 ||    42

Table legend:
 A = Spawn XP
 B = Non-spawn XP
 C = Spawn XP percentage of total XP
 D = Spawn monster count
 E = Non-spawn monster count
 F = Spawn count percentage of total count
 G = Total turns spent on level
                    A         B        C        D         E        F      G
               +---------+---------+-------+---------+---------+-------+---------
         Total |       0 |    6074 |   0.0 |       0 |     187 |   0.0 |  4643
               +---------+---------+-------+---------+---------+-------+---------
           D:1 |       0 |      29 |   0.0 |       0 |      17 |   0.0 |   612
           D:2 |       0 |     115 |   0.0 |       0 |      16 |   0.0 |   373
           D:3 |       0 |     386 |   0.0 |       0 |      31 |   0.0 |  1137
           D:4 |       0 |     503 |   0.0 |       0 |      18 |   0.0 |   689
           D:5 |       0 |    1074 |   0.0 |       0 |      38 |   0.0 |   573
           D:6 |       0 |    1508 |   0.0 |       0 |      33 |   0.0 |   569
           D:7 |       0 |    2078 |   0.0 |       0 |      11 |   0.0 |   269
         Sewer |       0 |     381 |   0.0 |       0 |      23 |   0.0 |   338
               +---------+---------+-------+---------+---------+-------+---------
